TOP OF THE 1ST |
Colorado Commanders batting - Pitching for Saskatoon Smokin' Guns : RHP Bernardo Romero
|
Pitching: RHP Bernardo Romero
|
|
Batting: RHB Richard Wilkins
|
0-0: Foul Ball, location: 2F 0-1: Called Strike 0-2: Strikes out swinging
|
Batting: RHB Joe Haley
|
0-0: Called Strike 0-1: Foul Ball, location: 2F 0-2: Ball 1-2: Strikes out swinging
|
Batting: LHB Rafael Delgado
|
0-0: Ball 1-0: Ball 2-0: Called Strike 2-1: Ground out 6-3 (Groundball, 6)
|
Top of the 1st over - 0 run(s), 0 hit(s), 0 error(s), 0 left on base; Colorado 0 - Saskatoon 0 |
BOTTOM OF THE 1ST |
Saskatoon Smokin' Guns batting - Pitching for Colorado Commanders : RHP Kenshin Kubota
|
Pitching: RHP Kenshin Kubota
|
|
Batting: RHB Chris Richards
|
0-0: Ball 1-0: Ball 2-0: Ball 3-0: Called Strike 3-1: Ground out 6-3 (Groundball, 6)
|
Batting: RHB Eric Neal
|
0-0: Fly out, F8 (Line Drive, 78D)
|
Batting: LHB Freddy Herrera
|
0-0: Ground out 3-1 (Groundball, 34)
|
Bottom of the 1st over - 0 run(s), 0 hit(s), 0 error(s), 0 left on base; Colorado 0 - Saskatoon 0 |
TOP OF THE 2ND |
Colorado Commanders batting - Pitching for Saskatoon Smokin' Guns : RHP Bernardo Romero
|
Batting: RHB Lee Price
|
0-0: Foul Ball, location: 2F 0-1: Foul Ball, location: 2F 0-2: Strikes out looking
|
Batting: RHB Diego Francisco
|
0-0: Called Strike 0-1: Called Strike 0-2: Ground out 5-3 (Groundball, 56S)
|
Batting: RHB John Riley
|
0-0: Fly out, F8 (Flyball, 8LM)
|
Top of the 2nd over - 0 run(s), 0 hit(s), 0 error(s), 0 left on base; Colorado 0 - Saskatoon 0 |
BOTTOM OF THE 2ND |
Saskatoon Smokin' Guns batting - Pitching for Colorado Commanders : RHP Kenshin Kubota
|
Batting: LHB Del Kennedy
|
0-0: Ball 1-0: Ball 2-0: Ground out 4-3 (Groundball, 4MS)
|
Batting: RHB António Yánez
|
0-0: Called Strike 0-1: Swinging Strike 0-2: Foul Ball, location: 2F 0-2: Ground out 4-3 (Groundball, 34)
|
Batting: RHB Pedro Núñez
|
0-0: Ball 1-0: Ball 2-0: Ball 3-0: Base on Balls
|
Batting: RHB Oliver Harris
|
0-0: SINGLE (Line Drive, 34D) Pedro Núñez to second
|
Batting: RHB Alvin Hampton
|
0-0: Called Strike 0-1: Ball 1-1: Foul Ball, location: 2F 1-2: Ball 2-2: DOUBLE (Line Drive, 8LS) Pedro Núñez scores Oliver Harris to third
|
Batting: RHB Jason O'Toole
|
0-0: Ball 1-0: Ground out 1-3 (Groundball, 13S)
|
Bottom of the 2nd over - 1 run(s), 2 hit(s), 0 error(s), 2 left on base; Colorado 0 - Saskatoon 1 |
TOP OF THE 3RD |
Colorado Commanders batting - Pitching for Saskatoon Smokin' Guns : RHP Bernardo Romero
|
Batting: RHB Emiel van Rhee
|
0-0: Ball 1-0: Foul Ball, location: 2F 1-1: Swinging Strike 1-2: Strikes out looking
|
Batting: LHB John Nicholson
|
0-0: Ball 1-0: Foul Ball, location: 2F 1-1: Ground out 1-3 (Groundball, 13)
|
Batting: RHB Richard Pendergast
|
0-0: Called Strike 0-1: Called Strike 0-2: Strikes out looking
|
Top of the 3rd over - 0 run(s), 0 hit(s), 0 error(s), 0 left on base; Colorado 0 - Saskatoon 1 |
BOTTOM OF THE 3RD |
Saskatoon Smokin' Guns batting - Pitching for Colorado Commanders : RHP Kenshin Kubota
|
Batting: RHB Chris Richards
|
0-0: Called Strike 0-1: Ball 1-1: Bunt for hit - play at first, batter safe!
|
Batting: RHB Eric Neal
|
0-0: Fly out, F7 (Line Drive, 7LM)
|
Batting: LHB Freddy Herrera
|
0-0: Foul Ball, location: 2F 0-1: Ball 1-1: Ball 2-1: Grounds into double play, 4-6-3 (Groundball, 4)
|
Bottom of the 3rd over - 0 run(s), 1 hit(s), 0 error(s), 0 left on base; Colorado 0 - Saskatoon 1 |
TOP OF THE 4TH |
Colorado Commanders batting - Pitching for Saskatoon Smokin' Guns : RHP Bernardo Romero
|
Batting: RHB Richard Wilkins
|
0-0: Foul Ball, location: 2F 0-1: Called Strike 0-2: Fly out, F7 (Flyball, 78M)
|
Batting: RHB Joe Haley
|
0-0: Called Strike 0-1: Ball 1-1: SINGLE (Groundball, 6D)
|
Batting: LHB Rafael Delgado
|
0-0: Called Strike 0-1: Ball Wild Pitch! Joe Haley to second 1-1: Ball 2-1: Foul Ball, location: 2F 2-2: Ball 3-2: Foul Ball, location: 2F 3-2: Base on Balls
|
Batting: RHB Lee Price
|
0-0: Ball 1-0: Swinging Strike 1-1: Ball 2-1: SINGLE (Flyball, 89S) Joe Haley to third Rafael Delgado to second Runner from 3rd tries for Home, SAFE, no throw or cutoff
|
Batting: RHB Diego Francisco
|
0-0: Ball Rafael Delgado is caught stealing 3rd base Lee Price to second 1-0: Called Strike 1-1: Called Strike 1-2: Strikes out swinging
|
Top of the 4th over - 1 run(s), 2 hit(s), 0 error(s), 1 left on base; Colorado 1 - Saskatoon 1 |
BOTTOM OF THE 4TH |
Saskatoon Smokin' Guns batting - Pitching for Colorado Commanders : RHP Kenshin Kubota
|
Batting: LHB Del Kennedy
|
0-0: Ball 1-0: Ball 2-0: Ball 3-0: Base on Balls
|
Batting: RHB António Yánez
|
0-0: Ball Del Kennedy steals 2nd base 1-0: Called Strike 1-1: Ball 2-1: Ball 3-1: Foul Ball, location: 2F 3-2: Base on Balls
|
Batting: RHB Pedro Núñez
|
0-0: Ball 1-0: Grounds into double play, 6-4-3 (Groundball, 6M) Del Kennedy to third
|
Batting: RHB Oliver Harris
|
0-0: Called Strike 0-1: SINGLE (Line Drive, 8LS) Del Kennedy scores
|
Batting: RHB Alvin Hampton
|
0-0: Called Strike 0-1: Ball Wild Pitch! Oliver Harris to second 1-1: Swinging Strike 1-2: Ball 2-2: Strikes out looking
|
Bottom of the 4th over - 1 run(s), 1 hit(s), 0 error(s), 1 left on base; Colorado 1 - Saskatoon 2 |
TOP OF THE 5TH |
Colorado Commanders batting - Pitching for Saskatoon Smokin' Guns : RHP Bernardo Romero
|
Batting: RHB John Riley
|
0-0: Ball 1-0: Ball 2-0: Called Strike 2-1: Foul Ball, location: 2F 2-2: Foul Ball, location: 2F 2-2: Strikes out swinging
|
Batting: RHB Emiel van Rhee
|
0-0: Fly out, F7 (Flyball, 78M)
|
Batting: LHB John Nicholson
|
0-0: Ground out 4-3 (Groundball, 34)
|
Top of the 5th over - 0 run(s), 0 hit(s), 0 error(s), 0 left on base; Colorado 1 - Saskatoon 2 |
BOTTOM OF THE 5TH |
Saskatoon Smokin' Guns batting - Pitching for Colorado Commanders : RHP Kenshin Kubota
|
Batting: RHB Jason O'Toole
|
0-0: Called Strike 0-1: Called Strike 0-2: Strikes out looking
|
Batting: RHB Chris Richards
|
0-0: Bunt missed! 0-1: Called Strike 0-2: Ball 1-2: Foul Ball, location: 2F 1-2: Strikes out swinging
|
Batting: RHB Eric Neal
|
0-0: Ball 1-0: Foul Ball, location: 2F 1-1: Foul Ball, location: 2F 1-2: Strikes out swinging
|
Bottom of the 5th over - 0 run(s), 0 hit(s), 0 error(s), 0 left on base; Colorado 1 - Saskatoon 2 |
TOP OF THE 6TH |
Colorado Commanders batting - Pitching for Saskatoon Smokin' Guns : RHP Bernardo Romero
|
Batting: RHB Richard Pendergast
|
0-0: Ball 1-0: Ball 2-0: Called Strike 2-1: Ball 3-1: Foul Ball, location: 2F 3-2: Foul Ball, location: 2F 3-2: Strikes out looking
|
Batting: RHB Richard Wilkins
|
0-0: Swinging Strike 0-1: Ball 1-1: Ball 2-1: Ball 3-1: Called Strike 3-2: Strikes out swinging
|
Batting: RHB Joe Haley
|
0-0: Called Strike 0-1: Ball 1-1: Ball 2-1: Called Strike 2-2: Strikes out swinging
|
Top of the 6th over - 0 run(s), 0 hit(s), 0 error(s), 0 left on base; Colorado 1 - Saskatoon 2 |
BOTTOM OF THE 6TH |
Saskatoon Smokin' Guns batting - Pitching for Colorado Commanders : RHP Kenshin Kubota
|
Batting: LHB Freddy Herrera
|
0-0: Ball 1-0: Ball 2-0: Foul Ball, location: 2F 2-1: Foul Ball, location: 2F 2-2: Strikes out swinging
|
Batting: LHB Del Kennedy
|
0-0: Called Strike 0-1: Swinging Strike 0-2: SOLO HOME RUN (Flyball, 89XD), Distance : 452 ft
|
Batting: RHB António Yánez
|
0-0: Ground out 4-3 (Groundball, 4)
|
Batting: RHB Pedro Núñez
|
0-0: Called Strike 0-1: Ball 1-1: Called Strike 1-2: Strikes out looking
|
Bottom of the 6th over - 1 run(s), 1 hit(s), 0 error(s), 0 left on base; Colorado 1 - Saskatoon 3 |
TOP OF THE 7TH |
Colorado Commanders batting - Pitching for Saskatoon Smokin' Guns : RHP Bernardo Romero
|
Batting: LHB Rafael Delgado
|
0-0: Foul Ball, location: 2F 0-1: Called Strike 0-2: Strikes out looking
|
Batting: RHB Lee Price
|
0-0: Ball 1-0: SINGLE (Groundball, 5D)
|
Batting: RHB Diego Francisco
|
0-0: Grounds into double play, 5-4-3 (Groundball, 56)
|
Top of the 7th over - 0 run(s), 1 hit(s), 0 error(s), 0 left on base; Colorado 1 - Saskatoon 3 |
BOTTOM OF THE 7TH |
Saskatoon Smokin' Guns batting - Pitching for Colorado Commanders : RHP Kenshin Kubota
|
Batting: RHB Oliver Harris
|
0-0: Foul Ball, location: 2F 0-1: Ball 1-1: Ball 2-1: Ball 3-1: Base on Balls
|
Batting: RHB Alvin Hampton
|
0-0: Sac Bunt - play at first, batter OUT! 1-3 Oliver Harris to second
|
Batting: RHB Jason O'Toole
|
0-0: Ball 1-0: Swinging Strike 1-1: Swinging Strike 1-2: Strikes out looking
|
Pitching: RHP Christian Camden
|
|
Batting: RHB Chris Richards
|
0-0: Called Strike 0-1: Swinging Strike 0-2: Foul Ball, location: 2F 0-2: Ball 1-2: Strikes out swinging
|
Bottom of the 7th over - 0 run(s), 0 hit(s), 0 error(s), 1 left on base; Colorado 1 - Saskatoon 3 |
TOP OF THE 8TH |
Colorado Commanders batting - Pitching for Saskatoon Smokin' Guns : RHP Bernardo Romero
|
Batting: RHB John Riley
|
0-0: Ball 1-0: Foul Ball, location: 2F 1-1: Ball 2-1: Ball 3-1: Foul Ball, location: 2F 3-2: Base on Balls
|
Pitching: RHP Lorenzo Montáñez
|
|
Batting: RHB Emiel van Rhee
|
0-0: Ball 1-0: Ball 2-0: Called Strike 2-1: Ball 3-1: Base on Balls John Riley to second
|
Pitching: RHP Bernie Titus
|
|
Pinch Hitting: SHB Scott Compton
|
0-0: Bunted foul 0-1: Sac Bunt - play at first, batter OUT! 5-4 John Riley to third Emiel van Rhee to second
|
Batting: RHB Richard Pendergast
|
0-0: Swinging Strike 0-1: Foul Ball, location: 2F 0-2: Ball 1-2: Foul Ball, location: 2F 1-2: Foul Ball, location: 2F 1-2: Ground out 1-3 (Groundball, 23)
|
Batting: RHB Richard Wilkins
|
0-0: Called Strike 0-1: Ball 1-1: Ball 2-1: Called Strike 2-2: Foul Ball, location: 2F 2-2: Foul Ball, location: 2F 2-2: Foul Ball, location: 2F 2-2: Strikes out swinging
|
Top of the 8th over - 0 run(s), 0 hit(s), 0 error(s), 2 left on base; Colorado 1 - Saskatoon 3 |
BOTTOM OF THE 8TH |
Saskatoon Smokin' Guns batting - Pitching for Colorado Commanders : RHP Christian Camden
|
Now at 1B: Scott Compton
|
|
Batting: RHB Eric Neal
|
0-0: Ball 1-0: Called Strike 1-1: Swinging Strike 1-2: Strikes out swinging
|
Batting: LHB Freddy Herrera
|
0-0: Ball 1-0: Fly out, F8 (Flyball, 8RS)
|
Batting: LHB Del Kennedy
|
0-0: Ball 1-0: Called Strike 1-1: Ball 2-1: Foul Ball, location: 2F 2-2: Fly out, F3 (Popup, 23F)
|
Bottom of the 8th over - 0 run(s), 0 hit(s), 0 error(s), 0 left on base; Colorado 1 - Saskatoon 3 |
TOP OF THE 9TH |
Colorado Commanders batting - Pitching for Saskatoon Smokin' Guns : RHP Bernie Titus
|
Pitching: RHP Clayton Hawkins
|
|
Batting: RHB Joe Haley
|
0-0: Ball 1-0: Ball 2-0: Fly out, F3 (Popup, 3F)
|
Batting: LHB Rafael Delgado
|
0-0: Called Strike 0-1: Foul Ball, location: 2F 0-2: Ball 1-2: Strikes out swinging
|
Batting: RHB Lee Price
|
0-0: Called Strike 0-1: Ball 1-1: Ball 2-1: Ball 3-1: Foul Ball, location: 2F 3-2: Foul Ball, location: 2F 3-2: Strikes out looking
|
Top of the 9th over - 0 run(s), 0 hit(s), 0 error(s), 0 left on base; Colorado 1 - Saskatoon 3 |
|